 Dungeon Crawl Stone Soup version 0.26.1-2-gb8aa6d0cf2 (webtiles) character file.

Game seed: 2163323478632820362

452 Groucho the Covert (level 6, -13/28 HPs)
             Began as a Spriggan Enchanter on Feb 17, 2021.
             Mangled by Menkaure (23 damage)
             ... on level 4 of the Dungeon.
             The game lasted 00:10:21 (7600 turns).

Groucho the Covert (Spriggan Enchanter)             Turns: 7600, Time: 00:10:22

Health: -13/28     AC:  2    Str:  5    XL:     6   Next: 75%
Magic:  11/14      EV: 18    Int: 16    God:
Gold:   159        SH:  0    Dex: 18    Spells: 8/14 levels left

rFire    . . .     SeeInvis +   o - +1 dagger (holy)
rCold    . . .     Faith    .   (shield restricted)
rNeg     . . .     Spirit   .   b - +0 robe
rPois    .         Reflect  .   (helmet restricted)
rElec    .         Harm     .   (no cloak)
rCorr    .         Rampage  .   (gloves unavailable)
Will     +....                  (boots unavailable)
Stlth    ++++......             (no amulet)
HPRegen  0.09/turn              (no ring)
MPRegen  0.14/turn              (no ring)

@: very quick
A: very small, unfitting armour, see invisible, speed 3
a: no special abilities


You were on level 4 of the Dungeon.
You visited 1 branch of the dungeon, and saw 4 of its levels.

You collected 159 gold pieces.

Inventory:

Hand Weapons
 a - a +1 dagger
 o - a +1 dagger of holy wrath (weapon)
Armour
 b - a +0 robe (worn)
Wands
 q - a wand of digging (6)
Scrolls
 d - 7 scrolls of remove curse {unknown}
 e - 3 scrolls of identify {unknown}
 g - 2 scrolls of amnesia {unknown}
 h - a scroll of fear {unknown}
 i - a scroll of fog {unknown}
 k - a scroll of immolation {unknown}
 l - a scroll of enchant weapon {unknown}
 m - a scroll of noise {unknown}
 p - a scroll of teleportation {unknown}
Potions
 c - a potion of invisibility {unknown}
 f - a potion of haste {unknown}
 j - a potion of brilliance {unknown}
 n - 2 potions of lignification {unknown}
 r - a potion of curing {unknown}
 s - a potion of degeneration {unknown}
 t - a potion of resistance {unknown}


   Skills:
 - Level 1.1 Short Blades
 - Level 3.0 Dodging
 * Level 9.4 Stealth
 + Level 4.7 Spellcasting
 + Level 5.3 Hexes


You had 8 spell levels left.
You knew the following spells:

 Your Spells              Type           Power        Failure   Level
a - Corona                Hex            22%          1%          1
b - Ensorcelled Hibernat  Hex/Ice        24%          8%          2
c - Confusing Touch       Hex            20%          5%          3

Your spell library contained the following spells:

 Spells                   Type           Power        Failure   Level
 Tukima's Dance           Hex            20%          5%          3
 Dazzling Flash           Conj/Hex       24%          16%         3


Dungeon Overview and Level Annotations

Branches:
Dungeon (4/15)
 Temple: D:4-7

Altars:
Cheibriados
Dithmenos
Gozag
Hepliaklqana
Nemelex Xobeh
Qazlal
Sif Muna

Annotations:
D:4 Menkaure


Innate Abilities, Weirdness & Mutations

You are very small and have problems with some larger weapons.
You are too small for most types of armour.
You have supernaturally acute eyesight. (SInv)
You cover ground extremely quickly.


Message History

Menkaure, Prince of Dust comes into view.
Menkaure shouts!
Casting: Confusing Touch (quite dangerous; 5% risk of failure)
Confirm with . or Enter, or press ? or * to list all spells.
The spell is quite dangerous to cast (5% risk of failure)!
Continue anyway?
Your hands begin to glow red.
You hit Menkaure but do no damage. You hit Menkaure but do no damage.
Menkaure appears confused.
Menkaure hits you!!
Ouch! That really hurt!
You hit Menkaure.
Menkaure convulses.
Menkaure is lightly damaged.
Menkaure barely misses you.
Unknown command.
Unknown command.
You hit Menkaure.
Menkaure convulses.
Menkaure is moderately damaged.
Menkaure hits you!!
Ouch! That really hurt!
You die...

#. ...# #.#...# #.#...#
#. #.#...# #. #.#...#
#.#+#.#...#
####.....M...#
.......?.@..##.#
##...........#
#.......##### #.......+
#.....[.# #.......#
#.......###############
#......................
##......###############


You could see Menkaure (confused).

Vanquished Creatures
  Grinder (D:3)
  Terence (D:3)
  Natasha (twice) (D:3)
  An iguana (D:4)
  A worker ant (D:4)
  2 gnolls (D:1)
  6 adders
  2 oozes
  2 worms (D:2)
  2 dart slugs
  3 leopard geckos
  5 orcs (D:3)
  A giant cockroach (D:1)
  4 hobgoblins
  4 jackals (D:2)
  9 bats
  3 frilled lizards
  2 goblins
  6 kobolds
  8 rats
65 creatures vanquished.

Vanquished Creatures (others)
  3 plants (D:2)
3 creatures vanquished.

Grand Total: 68 creatures vanquished

Notes
Turn   | Place    | Note
-------+----------+-------------------------------------------
     0 | D:1      | Groucho the Spriggan Enchanter began the quest for the Orb.
     0 | D:1      | Reached XP level 1. HP: 9/9 MP: 5/5
   594 | D:1      | Reached skill level 5 in Stealth
   594 | D:1      | Reached XP level 2. HP: 5/13 MP: 6/6
  1112 | D:1      | Learned a level 2 spell: Ensorcelled Hibernation
  1898 | D:1      | Reached skill level 6 in Stealth
  2072 | D:1      | Reached XP level 3. HP: 16/16 MP: 8/8
  3543 | D:2      | Reached XP level 4. HP: 21/21 MP: 0/9
  4013 | D:2      | Reached skill level 7 in Stealth
  4155 | D:2      | Found a faded altar of an unknown god.
  4388 | D:2      | Found a snail-covered altar of Cheibriados.
  5336 | D:3      | Noticed Natasha
  5344 | D:3      | Killed Natasha
  5642 | D:3      | Found an opulent altar of Gozag.
  5700 | D:3      | Reached XP level 5. HP: 24/24 MP: 8/11
  6176 | D:3      | Found a hazy altar of Hepliaklqana.
  6204 | D:3      | Noticed Grinder
  6221 | D:3      | Learned a level 3 spell: Confusing Touch
  6238 | D:3      | Killed Grinder
  6239 | D:3      | Reached skill level 8 in Stealth
  6239 | D:3      | Reached skill level 5 in Hexes
  6239 | D:3      | Reached XP level 6. HP: 28/28 MP: 9/13
  6369 | D:3      | Found a stormy altar of Qazlal.
  6417 | D:3      | Reached skill level 9 in Stealth
  6453 | D:3      | Found a shimmering blue altar of Sif Muna.
  6607 | D:3      | Found a sparkling altar of Nemelex Xobeh.
  6905 | D:3      | Noticed Terence
  6911 | D:3      | Killed Terence
  6991 | D:3      | Found a sparkling altar of Nemelex Xobeh.
  7053 | D:3      | Found a shadowy altar of Dithmenos.
  7063 | D:3      | Noticed Natasha
  7070 | D:3      | Killed Natasha
  7591 | D:4      | Noticed Menkaure
  7600 | D:4      | Mangled by Menkaure

Illustrated notes

Levels and vault maps discovered:
D:1:      sevenhm_arrival_forest_fort_small_6, layout_loops_cross,
          minmay_pentomino_w2
D:2:      layout_basic, general_overflow_altar,
          chequers_ecumenical_altar_twisty, minmay_misc_feat_enclosed,
          serial_bayou_pond_a
D:3:      layout_loops_corners, nicolae_gozag_seed_capital,
          grunt_dithmenos_smoke, old_standard_altar,
          nemelex_xobeh_ov_fountains_minmay, lemuel_coloured_pillars_altar,
          nzn_hepliaklqana_mist_gate, grunt_ministairs_1,
          nemelex_dance_club_becter, uniq_terence, uniq_natasha, uniq_grinder
D:4:      layout_basic, kennysheep_nondescript, uniq_menkaure

Skill      XL: |  1  2  3  4  5  6 |
---------------+-------------------+-----
Stealth        | 5 6 7 8 9 |  9.4
Spellcasting   | 3 4 |  4.7
Hexes          | 4 5 |  5.3
Short Blades   | |  1.1
Dodging        | |  3.0

Action                   |  1- 3 |  4- 6 || total
-------------------------+-------+-------++-------
Melee: Dagger            |    86 |    87 ||   173
 Cast: Ensorcelled Hiber |    16 |    25 ||    41
       Confusing Touch   |       |     3 ||     3
 Stab: Sleeping          |    16 |    28 ||    44
       Confused          |       |     3 ||     3
Armor: Robe              |    12 |     5 ||    17
Dodge: Dodged            |    77 |    59 ||   136
